 Dungeon Crawl Stone Soup version 0.28.0-53-g5a82cb258f (webtiles) character file.

Game seed: 255352273127101450

217 Sin92 the Skirmisher (level 5, -1/42 HPs)
             Began as a Demonspawn Fighter on June 22, 2022.
             Slain by an orc
             ... wielding a +0 flail
              (3 damage)
             ... on level 4 of the Dungeon.
             The game lasted 00:04:37 (3071 turns).

Sin92 the Skirmisher (Demonspawn Fighter)           Turns: 3071, Time: 00:04:37

Health: -1/42      AC:  8    Str: 18    XL:     5   Next: 61%
Magic:  5/5        EV:  9    Int: 10    God:
Gold:   224        SH:  8    Dex: 12    Spells: 4/4 levels left

rFire   . . .      SeeInvis .   a - +0 long sword
rCold   . . .      Faith    .   c - +0 buckler
rNeg    . . .      Spirit   .   b - +0 scale mail
rPois   +          Reflect  .   (no helmet)
rElec   .          Harm     .   (no cloak)
rCorr   .          Rampage  .   m - +0 pair of gloves
Will    .....                   (no boots)
Stlth   ..........              (no amulet)
HPRegen 0.14/turn               g - ring of poison resistance
MPRegen 0.09/turn               (no ring)

@: mighty, weak-willed, attractive
A: hooves 1, large bone plates 1, ignite blood 1
a: no special abilities


You were on level 4 of the Dungeon.
You visited 1 branch of the dungeon, and saw 4 of its levels.

You collected 224 gold pieces.

Inventory:

Hand Weapons
 a - a +0 long sword (weapon)
Armour
 b - a +0 scale mail (worn)
 c - a +0 buckler (worn)
 m - a +0 pair of gloves (worn)
Jewellery
 g - a ring of poison resistance (left hand)
 l - a ring of positive energy
 q - a ring of flight
Scrolls
 i - 2 scrolls of noise {unknown}
 n - a scroll of enchant armour
 o - 3 scrolls of identify
Potions
 d - 2 potions of might
 e - 4 potions of curing
 j - a potion of mutation {unknown}
 p - a potion of brilliance {unknown}


   Skills:
 + Level 3.7 Fighting
 * Level 3.4 Long Blades
 + Level 3.3 Armour
 + Level 1.8 Dodging
 + Level 3.4 Shields


You had 4 spell levels left.
You didn't know any spells.
Your spell library contained the following spells:

 Spells                   Type           Power      Damage    Failure   Level
 Animate Skeleton         Necr           0%         N/A       83%         1
 Pain                     Necr           0%         1d4       83%         1
 Vampiric Draining        Necr           0%         2d6       99%         3


Dungeon Overview and Level Annotations

Branches:
Dungeon (4/15)
 Temple: D:4-7

Altars:
Wu Jian

Shops:
D:2 =


Innate Abilities, Weirdness & Mutations

You have large cloven feet.
You are partially covered in large bone plates. (SH +4)
Your demonic aura sometimes causes spilled blood to erupt in flames.


Message History

Magic quickly surges around you.
It was a scroll of vulnerability.
The white imp gestures at you.
The puff of frost hits you but does no damage.
You block the orc's attack.
It was a potion of attraction.
You feel attractive to monsters. The white imp barely misses you.
Natasha mumbles some strange words.
The orc barely misses you. The white imp is attracted toward you.
It was a potion of heal wounds.
You feel much better. You block the white imp's attack.
You feel very mighty all of a sudden.
The shadow imp hits you but does no damage.
The white imp hits you. The white imp freezes you.
The orc hits you with a +0 falchion.
You closely miss the orc. You kick the orc.
The orc is heavily wounded.
You block the orc's attack. The shadow imp hits you.
You block the white imp's attack. You block the orc's attack.
The shadow imp closely misses you. The orc is attracted toward you.
The white imp is attracted toward you.
You slash the orc!
You kill the orc!
The white imp gestures at you. The puff of frost hits you!
* * * LOW HITPOINT WARNING * * *
You hear a sizzling sound!
The orc hits you but does no damage. The orc barely misses you.
The shadow imp barely misses you.
The white imp hits you but does no damage.
The orc hits you with a +0 flail.
* * * LOW HITPOINT WARNING * * *
Natasha is attracted toward you. The dart slug is attracted toward you.
You slash Natasha!
You kill Natasha!
Natasha yowls pathetically as she dies!
The shadow imp disappears in a puff of smoke!
The white imp disappears in a puff of smoke! x2
The orc closely misses you. The orc hits you with a +0 flail.
You die...

.................#. ....
.#..........#....## ....
##........##...... .....
#...#.....#...... [....
##.######.###..#.. ......
#..## ###..###....
......###..# #....#.###..
......o#§..###.#........#
.....§wZ@o...#.#..###...#
......K#o§...#.#...##....
....#..o§.#.......###....
... ##...####..)..####...
. ##... #......###...
..... #.....##....#
....... #..........##
##..##. #..........# ...
..#..........#


You could see a dart slug (weak-willed), 4 orcs, a kobold (weak-willed) and a
hound skeleton (weak-willed).

Vanquished Creatures
  A hound (D:4)
  An orc wizard (D:4)
  Natasha (D:4)
  A gnoll (D:1)
  5 adders
  A white imp (D:4)
  An adder skeleton (D:4)
  A worm (D:2)
  8 dart slugs
  6 orcs
  8 ball pythons
  4 endoplasms
  3 giant cockroaches
  5 goblins
  6 hobgoblins
  3 jackals (D:2)
  A quokka (D:2)
  7 bats
  3 frilled lizards
  6 kobolds
  5 rats
77 creatures vanquished.

Notes
Turn   | Place    | Note
-------+----------+-------------------------------------------
     0 | D:1      | Sin92 the Demonspawn Fighter began the quest for the Orb.
     0 | D:1      | Reached XP level 1. HP: 18/18 MP: 1/1
    22 | D:1      | Gained mutation: You have large cloven feet. [demonic
                  | ancestry]
    22 | D:1      | Reached XP level 2. HP: 24/24 MP: 2/2
   500 | D:1      | Reached XP level 3. HP: 29/29 MP: 3/3
   782 | D:1      | Found an ornate altar of the Wu Jian Council.
   843 | D:2      | Found Tiusakep's Jewellery Shoppe.
  1113 | D:2      | Reached skill level 1 in Dodging
  1261 | D:2      | Gained mutation: You are partially covered in large bone
                  | plates. (SH +4) [demonic ancestry]
  1261 | D:2      | Reached XP level 4. HP: 30/35 MP: 4/4
  2561 | D:4      | Gained mutation: Your demonic aura sometimes causes spilled
                  | blood to erupt in flames. [demonic ancestry]
  2561 | D:4      | Reached XP level 5. HP: 41/41 MP: 5/5
  3053 | D:4      | Noticed Natasha
  3070 | D:4      | HP: 2/42 [orc/+0 flail (1)]
  3071 | D:4      | Killed Natasha
  3071 | D:4      | Slain by an orc

Illustrated notes

Levels and vault maps discovered:
D:1:      dpeg_arrival_water_altar, layout_basic
D:2:      layout_loops_cross, serial_shops, shop
D:3:      layout_loops_ring, saegor_snake_ambush
D:4:      kennysheep_slugbush, layout_cave_pools, lemuel_temple_firewalk_b,
          uniq_natasha

Skill      XL: |  1  2  3  4 |
---------------+-------------+-----
Long Blades    | 2 3 |  3.4
Shields        | 3 |  3.4
Armour         | 3 |  3.3
Dodging        | 1 |  1.8
Fighting       | |  3.7

Action                   |  1- 3 |  4- 6 || total
-------------------------+-------+-------++-------
Melee: Long sword        |    81 |    89 ||   170
       Kick              |    17 |    19 ||    36
  Use: Scroll            |     1 |     6 ||     7
       Potion            |       |     3 ||     3
Armor: Scale mail        |    43 |    45 ||    88
Dodge: Dodged            |    42 |    42 ||    84
Block: Buckler           |    21 |    40 ||    61
